 Dungeon Crawl Stone Soup version 0.32-a0-666-ge8a88695a4 (webtiles) character file.

Game seed: 14964859243105912315

119 pokeman the Magician (level 4, -1/25 HPs)
             Began as a Deep Elf Hedge Wizard on Mar 9, 2024.
             Slain by a hobgoblin (3 damage)
             ... on level 3 of the Dungeon.
             The game lasted 00:03:49 (2691 turns).

pokeman the Magician (Deep Elf Hedge Wizard)        Turns: 2691, Time: 00:03:50

Health: -1/25      AC:  3    Str:  7    XL:     4   Next: 74%
Magic:  2/13       EV: 13    Int: 21    God:
Gold:   129        SH:  0    Dex: 20    Spells: 6/14 levels left

rFire   . . .        a - +0 dagger
rCold   . . .        (no shield)
rNeg    . . .        b - +0 robe
rPois   .            c - +0 hat
rElec   .            (no cloak)
rCorr   .            l - +0 pair of gloves
SInv    +            (no boots)
Will    .....        (no amulet)
Stlth   +++          e - +6 ring of dexterity
HPRegen 0.24/turn    n - ring of see invisible
MPRegen 0.13/turn

%: no passive effects
@: mighty, very slightly contaminated
A: no striking features
a: no special abilities


You were on level 3 of the Dungeon.
You visited 1 branch of the dungeon, and saw 3 of its levels.

You collected 129 gold pieces.

Inventory:

Hand Weapons
 a - a +0 dagger (weapon)
Armour
 b - a +0 robe (worn)
 c - a +0 hat (worn)
 l - a +0 pair of gloves (worn)
Jewellery
 e - a +6 ring of dexterity (left hand)
 n - a ring of see invisible (right hand)
Scrolls
 f - a scroll of silence {unknown}
 g - a scroll of poison {unknown}
 h - a scroll of noise {unknown}
 i - 4 scrolls of identify {unknown}
 j - a scroll of fear {unknown}
Potions
 d - a potion of magic
 k - a potion of might


   Skills:
 - Level 1.0 Fighting
 - Level 1.1 Armour
 + Level 2.8 Dodging
 + Level 2.8 Stealth
 * Level 5.8 Spellcasting
 + Level 2.3 Conjurations
 - Level 1.1 Summonings
 - Level 1.1 Translocations


You had 6 spell levels left.
You knew the following spells:

 Your Spells              Type           Power      Damage    Failure   Level
a - Magic Dart            Conj           64%        1d6       3%          1
b - Mephitic Cloud        Conj/Alch/Air  9%         N/A       22%         3
c - Call Imp              Summ           20%        N/A       10%         2
d - Blink                 Tloc           20%        N/A       10%         2

Your spell library contained the following spells:

 Spells                   Type           Power      Damage    Failure   Level
 Searing Ray              Conj           32%        2d5       6%          2
 Slow                     Hex            24%        N/A       10%         1
 Cigotuvi's Dreadful Rot  Necr/Alch/Air  12%        N/A       16%         2
 Fulminant Prism          Conj/Alch      5%         3d7       52%         4


Dungeon Overview and Level Annotations

Branches:
Dungeon (3/15)

Altars:

Annotations:
D:3 Sigmund


Message History

You see here 7 gold pieces.
The ball python attacks as it pursues you!
The ball python bites you but does no damage.
The ball python barely misses you. The ball python closely misses you.
You feel ready to blink again.
Casting: Blink (safe; 10% risk of failure)
Confirm with . or Enter, or press ? or * to list all spells.
Aiming: Magic Dart (safe; 3% risk of failure)
Press: ? - help, Shift-Dir - straight line, f - ball python
Aim: a ball python (100% to hit)
The magic dart hits the ball python.
The ball python is moderately wounded.
The rat squeaks loudly.
The ball python closely misses you. The ball python barely misses you.
Casting: Magic Dart (safe; 3% risk of failure)
Confirm with . or Enter, or press ? or * to list all spells.
Aiming: Magic Dart (safe; 3% risk of failure)
Press: ? - help, Shift-Dir - straight line, f/p - ball python
Aim: a ball python (moderately wounded, 100% to hit)
The magic dart hits the ball python.
You kill the ball python!
Unknown command.
The hobgoblin attacks as it pursues you!
The hobgoblin hits you. The quokka attacks as it pursues you!
The quokka bites you.
Casting: Magic Dart (safe; 3% risk of failure)
Confirm with . or Enter, or press ? or * to list all spells.
Aiming: Mephitic Cloud (extremely dangerous; 22% risk of failure)
Press: ? - help, Shift-Dir - straight line You miscast Mephitic Cloud.
You are very lightly contaminated with residual magic.
You feel a sudden electric shock!
* * * LOW HITPOINT WARNING * * *
The quokka misses you. The rat bites you but does no damage.
The quokka bites you.
* * * LOW HITPOINT WARNING * * *
Unknown command.
The hobgoblin attacks as it pursues you!
The hobgoblin hits you.
You die...

.. .####. .#####......
.###..........
.............##
...............#
.#...........†....##. ..
...........<........
.>.#....?......†.......
...#..........@.....##.
#.............g.....# .
#. #.........r.r....#..
..#.#......$...........#
#......>..............##
#..#.@..............##
##....###.#........#
#...........†##...##..
#.........@###$##..## #


You could see a quokka, a hobgoblin and a rat.

Vanquished Creatures
  Jessica (D:2)
  5 adders
  A dart slug (D:1)
  An orc (D:2)
  6 endoplasms
  4 giant cockroaches
  2 goblins
  5 hobgoblins
  5 ball pythons
  5 bats
  A frilled lizard (D:1)
  5 kobolds
  4 rats
45 creatures vanquished.

Notes
Turn   | Place    | Note
-------+----------+-------------------------------------------
     0 | D:1      | pokeman the Deep Elf Hedge Wizard began the quest for the
                  | Orb.
     0 | D:1      | Reached XP level 1. HP: 10/10 MP: 7/7
   492 | D:1      | Reached XP level 2. HP: 16/16 MP: 5/9
  1230 | D:1      | Reached skill level 5 in Spellcasting
  1514 | D:2      | Reached XP level 3. HP: 20/20 MP: 7/11
  1518 | D:2      | Learned a level 3 spell: Mephitic Cloud
  1521 | D:2      | Learned a level 2 spell: Call Imp
  1524 | D:2      | Learned a level 2 spell: Blink
  1743 | D:2      | Noticed Jessica
  1748 | D:2      | Killed Jessica
  1749 | D:2      | Reached skill level 1 in Fighting
  1749 | D:2      | Reached skill level 1 in Armour
  2109 | D:2      | Reached XP level 4. HP: 25/25 MP: 8/13
  2261 | D:2      | Found a faded altar of an unknown god.
  2663 | D:3      | Noticed Sigmund
  2689 | D:3      | HP: 1/25 [quokka (4)]
  2691 | D:3      | Slain by a hobgoblin

Illustrated notes

Levels and vault maps discovered:
D:1:      lemuel_arrival_tunnels, layout_basic
D:2:      minmay_general_purpose_star, layout_rooms,
          shapermc_ecumenical_altar_mp_vishouse, chequers_avenue, uniq_jessica
D:3:      layout_rooms, chequers_serial_rivers_marsh, grunt_ministairs_11,
          uniq_sigmund

Skill      XL: |  1  2  3 |
---------------+----------+-----
Spellcasting   | 5 |  5.8
Fighting       | 1 |  1.0
Armour         | 1 |  1.1
Conjurations   | 2 |  2.3
Dodging        | |  2.8
Stealth        | |  2.8
Summonings     | |  1.1
Translocations | |  1.1

Action                     |  1- 3 |  4- 6 || total
---------------------------+-------+-------++-------
  Melee: Dagger            |     2 |     1 ||     3
   Cast: Magic Dart        |   105 |    36 ||   141
         Mephitic Cloud    |       |     1 ||     1
         Blink             |       |     1 ||     1
    Use: Potion            |       |     2 ||     2
   Stab: Confused          |       |     1 ||     1
 Armour: Robe              |     8 |    14 ||    22
  Dodge: Dodged            |    14 |    19 ||    33

Table legend: (Time is in decaauts)
 A = Elapsed time spent in this place.
 B = Non-inter-level travel time spent in this place.
 C = Inter-level travel time spent in this place.
 D = Time resting spent in this place.
 E = Time spent auto-exploring this place.
 F = Levels seen in this place.
 G = Mean time per level.
                   A        B        C        D        E       F      G
               +--------+--------+--------+--------+--------+-----+--------+
         Total |   2690 |   2644 |     46 |     36 |   2318 |   3 |  896.7 |
       Dungeon |   2690 |   2644 |     46 |     36 |   2318 |   3 |  896.7 |
               +--------+--------+--------+--------+--------+-----+--------+

Top non-repeatable levels by time:
     D:1: 1493 daAuts
     D:2: 1045 daAuts
     D:3: 151 daAuts
